 Dungeon Crawl Stone Soup version 0.24-a0-528-g98e85ec62a (webtiles) character file.

Game seed: 2473063412169798755

6528 Flugkiller the Thaumaturge (level 10, -23/57 HPs)
             Began as a Deep Elf Fire Elementalist on Aug 6, 2019.
             Was a Priest of Vehumet.
             Killed from afar by Josephine (26 damage)
             ... with a ghostly fireball
             ... on level 10 of the Dungeon.
             The game lasted 00:12:54 (9196 turns).

Flugkiller the Thaumaturge (DEFE)                   Turns: 9196, Time: 00:12:54

Health: -23/57     AC:  6    Str:  5    XL:     10   Next: 69%
Magic:  5/26       EV: 15    Int: 27    God:    Vehumet [***...]
Gold:   491        SH:  0    Dex: 15    Spells: 16/29 levels left

rFire    + . .     SeeInvis .   r - +9 long sword of the Sky {elec, +Rage Int+3}
rCold    . . .     Gourm    .   (no shield)
rNeg     . . .     Faith    .   i - +2 robe {rF+}
rPois    .         Spirit   .   (helmet restricted)
rElec    .         Reflect  .   u - +0 cloak
rCorr    .         Harm     .   (no gloves)
MR       +....                  o - +0 pair of boots
Stlth    ++........             n - amulet of regeneration
HPRegen  0.59/turn              (no ring)
MPRegen  0.20/turn              (no ring)

@: heavily drained
A: horns 1, blink
a: Blink, Renounce Religion, Evoke Berserk Rage


You were on level 10 of the Dungeon.
You worshipped Vehumet.
Vehumet was most pleased with you.
You were not hungry.

You visited 2 branches of the dungeon, and saw 12 of its levels.
You also visited: Sewer.

You collected 652 gold pieces.
You spent 161 gold pieces at shops.

Inventory:

Hand Weapons
 r - the +9 long sword of the Sky (weapon) {elec, +Rage Int+3}
   (You bought it in a shop on level 5 of the Dungeon)

   Occasionally, upon striking a foe, it will discharge some electrical energy
   and cause terrible harm.
   It affects your intelligence (+3).
   It lets you go berserk.
 B - the +9 hand axe "Licuc" {chop, rF+ Dex+3 Stlth+, unknown}
   (You found it on level 10 of the Dungeon)

   It inflicts extra damage upon your enemies.
   It affects your dexterity (+3).
   It protects you from fire.
   It makes you more stealthy.
 G - the +7 hunting sling "Hamikh" {velocity, +Blink}
   (You took it off an orc on level 9 of the Dungeon)

   Any stone fired from it inflicts extra damage.
   It lets you blink.
Missiles
 C - 5 curare-tipped darts (quivered)
Armour
 i - a +2 robe of fire resistance (worn)
   (You took it off Sigmund on level 6 of the Dungeon)
 k - a +2 helmet
   (You found it on level 3 of the Dungeon)
 m - a +0 shield
   (You found it in a sewer)
 o - a +0 pair of boots (worn)
   (You found it on level 2 of the Dungeon)
 u - a +0 cloak (worn)
   (You found it on level 5 of the Dungeon)
Jewellery
 n - an amulet of regeneration (around neck)
   (You found it on level 2 of the Dungeon)
Wands
 y - a wand of enslavement (17)
   (You found it on level 10 of the Dungeon)
 z - a wand of iceblast (7)
   (You found it on level 6 of the Dungeon)
Scrolls
 b - a scroll of fog
 d - a scroll of amnesia
 e - a scroll of teleportation
 f - a scroll of magic mapping {unknown}
 j - 9 scrolls of remove curse
 l - 2 scrolls of blinking
 q - a scroll of fear {unknown}
 s - 2 scrolls of enchant weapon
 w - a scroll of enchant armour
 x - a scroll of immolation
 H - a scroll of brand weapon {unknown}
Potions
 a - a potion of agility
 g - 2 potions of resistance
 h - 5 potions of curing
 p - a potion of berserk rage
 t - a potion of magic {unknown}
 v - 3 potions of flight
 A - a potion of might {unknown}
 D - a potion of cancellation {unknown}
Comestibles
 c - 15 rations
 F - 2 chunks of flesh


   Skills:
 + Level 4.2(2.4) Fighting
 + Level 6.7(4.8) Dodging
 - Level 2.4(0.7) Stealth
 - Level 10.2(8.1) Spellcasting
 - Level 10.0(7.9) Conjurations
 - Level 10.0(7.9) Fire Magic


You had 16 spell levels left.
You knew the following spells:

 Your Spells              Type           Power        Failure   Level  Hunger
a - Flame Tongue          Conj/Fire      #####        1%          1    None
c - Conjure Flame         Conj/Fire      ######..     1%          3    None
d - Sticky Flame          Conj/Fire      ######..     1%          4    ##.....
e - Fireball              Conj/Fire      ######....   1%          5    ####...

Your spell library contained the following spells:

 Spells                   Type           Power        Failure   Level  Hunger
 Iskenderun's Mystic Bla  Conj           ######..     1%          4    ##.....
 Throw Flame              Conj/Fire      ######       1%          2    None
 Inner Flame              Hex/Fire       ####....     1%          3    None
 Apportation              Tloc           ##....       5%          1    None
 Summon Butterflies       Summ           ##......     5%          1    None
 Lesser Beckoning         Tloc           ##........   16%         3    None
 Tukima's Dance           Hex            ##......     16%         3    None
 Alistair's Intoxication  Tmut/Pois      ##......     82%         5    ####...
 Invisibility             Hex            ##......     100%        6    ######.


Dungeon Overview and Level Annotations

Branches:
Dungeon (11/15)            Temple (1/1) D:5
   Lair: D:8-11         Orc: D:9-12

Altars:
Ashenzari
Cheibriados
Dithmenos
Elyvilon
Fedhas
Gozag
Hepliaklqana
Kikubaaqudgha
Makhleb
Nemelex Xobeh
Okawaru
Qazlal
Ru
Sif Muna
Trog
Uskayaw
Vehumet
Wu Jian
Xom
Yredelemnul
Zin
The Shining One

Shops:
D:5 ((   D:7 [:

Annotations:
D:4 3 runed translucent doors, motoroller71's ghost, amateur DsGl
D:7 1 runed translucent door, losten's ghost, novice MfSu
D:10 Josephine


Innate Abilities, Weirdness & Mutations

You have a pair of small horns on your head.
You can translocate small distances at will.


Message History

Aiming: Fireball (safe; 1% risk of failure)
Press: ? - help, Shift-Dir - straight line, f - Josephine
Aim: Josephine, wielding a +0 dagger and wearing a +2 robe of magic resistance (flame, fast)
Okay, then.
Josephine is engulfed in blazing flames.
Casting: Fireball (safe; 1% risk of failure)
Confirm with . or Enter, or press ? or * to list all spells.
Aiming: Flame Tongue (safe; 1% risk of failure)
Press: ? - help, Shift-Dir - straight line, f - Josephine
Aim: Josephine, wielding a +0 dagger and wearing a +2 robe of magic resistance (lightly wounded, fast)
The flame tongue misses Josephine.
The flame tongue hits the wraith but does no damage.
The wraith is severely damaged.
The wraith is engulfed in blazing flames.
Casting: Flame Tongue (safe; 1% risk of failure)
Confirm with . or Enter, or press ? or * to list all spells.
Aiming: Sticky Flame (safe; 1% risk of failure)
Press: ? - help, Shift-Dir - straight line, f/p - Josephine
Aim: Josephine, wielding a +0 dagger and wearing a +2 robe of magic resistance (lightly wounded, fast)
The sticky flame hits Josephine.
Josephine is moderately wounded.
Josephine is covered in liquid flames!
Josephine burns!
Josephine hits you with a +0 dagger. Josephine hits you but does no damage.
Unknown command.
Josephine burns!
Casting: Sticky Flame (safe; 1% risk of failure)
Confirm with . or Enter, or press ? or * to list all spells.
Aiming: Sticky Flame (safe; 1% risk of failure)
Press: ? - help, Shift-Dir - straight line, f/p - Josephine
Aim: Josephine, wielding a +0 dagger and wearing a +2 robe of magic resistance (moderately wounded, fast, covered in liquid flames)
The sticky flame hits Josephine!
Josephine is heavily wounded.
Josephine is covered in liquid flames!
Josephine burns!
Josephine gestures at you while chanting.
The ghostly flame explodes!
The ghostly fireball engulfs you!!
You feel drained.
The ghostly fireball engulfs Josephine.
Josephine completely resists.
Josephine points at you and mumbles some strange words.
The ghostly flame explodes!
The ghostly fireball engulfs you!!
You feel drained.
Ouch! That really hurt!
* * * LOW HITPOINT WARNING * * *
The ghostly fireball engulfs Josephine.
Josephine completely resists.
It was a potion of mutation.
You feel extremely strange.
You feel jittery. A pair of horns grows on your head!
Your +2 helmet falls away!
Josephine burns!
Josephine gestures at you while chanting.
The ghostly flame explodes!
The ghostly fireball engulfs you!!
You feel drained.
You die...

#+# ##.# ####W.@# #.. #..WW#
###.##### ##'##### #.......#
#......# #..[....# #####
#.)....### #.......### #....
#.....WW.###.........####....
+......#...#@......#...##....
#......###.@.......###..'....
######## ###...>...# ####....
#.......# ##### #.......#
#########


You could see Josephine (burning).

Vanquished Creatures
  Erica (D:9)
  A two-headed ogre (D:8)
  An ugly thing (D:8)
  2 hippogriffs (D:9)
  Sigmund (D:6)
  2 wyverns
  2 hungry ghosts
  Menkaure (D:7)
  4 orc warriors
  A sky beast (D:6)
  An ice beast (D:7)
  A phantom (D:7)
  5 ogres
  2 centaurs
  A crocodile (Sewer)
  4 bullfrogs
  5 scorpions
  A wyvern skeleton (D:9)
  3 killer bees (D:9)
  8 wights (D:8)
  A howler monkey (D:9)
  4 crimson imps
  A quasit (D:9)
  A jelly (D:8)
  3 hounds
  11 orc wizards
  An orc priest (D:5)
  A bullfrog skeleton (D:6)
  A centaur skeleton (D:9)
  6 worker ants
  2 iguanas
  A killer bee zombie (D:5)
  A howler monkey zombie (D:7)
  A worker ant zombie (D:9)
  12 adders
  11 gnolls
  2 shadow imps
  2 oozes
  2 adder zombies
  5 worms
  2 dart slugs (D:1)
  7 leopard geckos
  25 orcs
  9 giant cockroaches
  3 goblins
  12 hobgoblins
  7 jackals
  8 kobolds
  6 quokkas
  3 ball pythons
  8 bats
  2 frilled lizards (D:2)
  A giant cockroach zombie (D:6)
  A jackal zombie (D:8)
  A quokka skeleton (D:5)
  11 rats
222 creatures vanquished.

Notes
Turn   | Place    | Note
-------+----------+-------------------------------------------
     0 | D:1      | Flugkiller the Deep Elf Fire Elementalist began the quest
                  | for the Orb.
     0 | D:1      | Reached XP level 1. HP: 10/10 MP: 6/6
   253 | D:1      | Reached XP level 2. HP: 14/15 MP: 1/8
  1585 | D:2      | Found a burning altar of Makhleb.
  1712 | D:2      | Reached XP level 3. HP: 13/19 MP: 5/10
  1871 | D:2      | Learned a level 3 spell: Conjure Flame
  1940 | D:2      | Found a glowing golden altar of the Shining One.
  2000 | D:2      | Reached XP level 4. HP: 24/24 MP: 8/11
  2034 | D:2      | Found a sparkling altar of Nemelex Xobeh.
  2574 | D:3      | Learned a level 4 spell: Sticky Flame
  2587 | D:3      | Found a glowing drain.
  2623 | D:3      | Reached XP level 5. HP: 25/28 MP: 3/13
  2652 | Sewer    | Entered a sewer
  2820 | Sewer    | Noticed a crocodile
  2833 | Sewer    | Killed a crocodile
  2833 | Sewer    | Reached skill level 5 in Fire Magic
  3201 | D:3      | Learned a level 5 spell: Fireball
  3275 | D:3      | Reached XP level 6. HP: 32/32 MP: 12/14
  3335 | D:3      | Found a sparkling altar of Nemelex Xobeh.
  3681 | D:4      | Found an opulent altar of Gozag.
  3812 | D:4      | Found a bloodstained altar of Trog.
  3812 | D:4      | Found a shadowy altar of Dithmenos.
  3863 | D:4      | Found a runed translucent gate.
  3863 | D:4      | Found a runed translucent gate.
  3863 | D:4      | Found a runed translucent gate.
  3866 | D:4      | Noticed motoroller71's ghost (amateur DsGl)
  3877 | D:4      | You fall into a shaft and drop 2 floors!
  3886 | D:5      | Entered Level 5 of the Dungeon
  4198 | D:5      | Found Feash's Weapon Shop.
  4220 | D:5      | Found a staircase to the Ecumenical Temple.
  4247 | D:5      | Reached skill level 5 in Spellcasting
  4247 | D:5      | Reached skill level 5 in Conjurations
  4255 | D:5      | Reached XP level 7. HP: 30/36 MP: 2/16
  4263 | Temple   | Entered the Ecumenical Temple
  4321 | Temple   | Became a worshipper of Vehumet
  4366 | D:5      | Found Fasun's Antique Weapon Shoppe.
  4377 | D:5      | Bought a steaming long sword for 161 gold pieces
  4377 | D:5      | Identified the +9 long sword of the Sky {elec, +Rage Int+3}
                  | (You bought it in a shop on level 5 of the Dungeon)
  4816 | D:5      | Found an opulent altar of Gozag.
  4968 | D:5      | Reached * piety under Vehumet
  4968 | D:5      | Offered knowledge of Magic Dart by Vehumet.
  5285 | D:6      | Noticed Sigmund
  5311 | D:6      | Killed Sigmund
  5311 | D:6      | Reached XP level 8. HP: 37/41 MP: 1/19
  6132 | D:7      | Found a blossoming altar of Fedhas.
  6328 | D:7      | Noticed Menkaure
  6337 | D:7      | Killed Menkaure
  6348 | D:7      | Reached ** piety under Vehumet
  6352 | D:7      | Offered knowledge of Sandblast by Vehumet.
  6364 | D:7      | Found Reulonwi's Book Shoppe.
  6521 | D:7      | Found a runed translucent door.
  6521 | D:7      | Noticed losten's ghost (novice MfSu)
  6521 | D:7      | Noticed a centaur warrior
  6818 | D:7      | Found Suluh's Armour Shoppe.
  7045 | D:8      | Noticed a brown ugly thing
  7051 | D:8      | Killed a brown ugly thing
  7051 | D:8      | Reached XP level 9. HP: 32/45 MP: 16/22
  7340 | D:8      | Offered knowledge of Ignite Poison by Vehumet.
  7723 | D:8      | You fall into a shaft and drop 3 floors!
  7737 | D:11     | Reached skill level 10 in Fire Magic
  7775 | D:10     | Entered Level 10 of the Dungeon
  7799 | D:10     | Got an ancient hand axe
  8032 | D:8      | Reached *** piety under Vehumet
  8052 | D:8      | Noticed a two-headed ogre
  8058 | D:8      | Reached skill level 10 in Conjurations
  8061 | D:8      | Killed a two-headed ogre
  8061 | D:8      | Reached skill level 10 in Spellcasting
  8061 | D:8      | Reached XP level 10. HP: 50/50 MP: 10/26
  8159 | D:8      | Reached skill level 1 in Fighting
  8563 | D:9      | Offered knowledge of Iskenderun's Mystic Blast by Vehumet.
  8742 | D:9      | Reached skill level 5 in Dodging
  8797 | D:9      | Identified the +7 hunting sling "Hamikh" {velocity, +Blink}
  8901 | D:9      | Noticed Erica
  8907 | D:9      | Killed Erica
  8977 | D:9      | Found a shimmering altar of Xom.
  9178 | D:10     | Noticed Josephine
  9195 | D:10     | HP: 2/57 [Josephine/ghostly fireball (31)]
  9196 | D:10     | Gained mutation: You can translocate small distances at
                  | will. [potion of mutation]
  9196 | D:10     | Gained mutation: You have a pair of small horns on your
                  | head. [potion of mutation]
  9196 | D:10     | Killed from afar by Josephine

Levels and vault maps discovered:
D:1:      mrwooster_arrival_arrow, layout_loops_ring, serial_forest,
          infiniplex_forest_clump_long, infiniplex_forest_zigzag_1,
          infiniplex_forest_end_3, infiniplex_forest_clump_diagonal,
          infiniplex_forest_clump_tiny, infiniplex_forest_end_2,
          infiniplex_forest_join, infiniplex_forest_clump_diagonal,
          infiniplex_forest_clump_medium, infiniplex_forest_clump_diagonal,
          nrook_loot_triangle, grunt_decor_clamped
D:2:      cheibrodos_helix_gallery, layout_basic, nicolae_tso_carved_into_rock,
          old_standard_altar, bloody_makhleb, first_ration
D:3:      layout_loops_ring, gup_sewer_entry_glass,
          nemelex_xobeh_ov_fountains_minmay
D:4:      layout_rooms, gammafunk_temple_overflow_pools,
          ebering_ghost_rock_garden, nicolae_gozag_seed_capital
D:5:      layout_loops_ring, kennysheep_little_box, minmay_temple_entry_trees,
          serial_shops, nicolae_shop_crystal, shop, hangedman_decor_slide_cut
D:6:      layout_basic, uniq_sigmund
D:7:      layout_basic, fedhas_ov_isle_minmay, ebering_ghost_inner_flame,
          serial_shops, shop, nicolae_shop_behind_doors, lemuel_flamethrower_2,
          uniq_menkaure
D:8:      layout_loops_ring
D:9:      layout_cave_pools, tgw_xom, uniq_erica
D:10:     layout_roguey, orc_0_dummy, uniq_josephine
D:11:     layout_stronghold, david_lair_generic, lemuel_oklob_altar
Temple:   eino_temple_water

Skill      XL: |  1  2  3  4  5  6  7  8  9 10 |
---------------+-------------------------------+-----
Conjurations   | 2 3 4 5 6 8 10 | 10.0
Fire Magic     | 4 5 6 7 9 10 | 10.0
Spellcasting   | 4 5 6 7 10 | 10.2
Dodging        | 6 |  6.7
Fighting       | 4 |  4.2
Stealth        | |  2.4

Action                   |  1- 3 |  4- 6 |  7- 9 | 10-12 || total
-------------------------+-------+-------+-------+-------++-------
Melee: Unarmed           |     1 |    16 |       |       ||    17
       Long sword        |       |       |    27 |     3 ||    30
 Cast: Flame Tongue      |    46 |   131 |   245 |    55 ||   477
       Sticky Flame      |       |     4 |     6 |    17 ||    27
       Conjure Flame     |       |       |    10 |     4 ||    14
       Fireball          |       |       |    10 |    13 ||    23
  Use: Scroll            |     1 |     3 |    12 |       ||    16
       Potion            |     1 |     2 |       |     1 ||     4
  Eat: Chunk             |     3 |     7 |    11 |     7 ||    28
       Ration            |       |       |     1 |       ||     1
Armor: Robe              |     2 |    36 |    32 |    20 ||    90
       Skin              |       |     2 |       |       ||     2
Dodge: Dodged            |    11 |    88 |    68 |    30 ||   197
       Rpst.: Long sword |       |       |    18 |     6 ||    24

Table legend:
 A = Non-vault XP
 B = Vault XP
 C = Vault XP percentage of total XP
 D = Non-vault monster count
 E = Vault monster count
 F = Vault count percentage of total count
                 A         B        C        D         E       F
            +---------+---------+-------+---------+---------+-------
      Total |    7842 |    1485 |  15.9 |     205 |      17 |   7.7
            +---------+---------+-------+---------+---------+-------
        D:1 |      25 |       0 |   0.0 |      14 |       0 |   0.0
        D:2 |     110 |      15 |  12.0 |      25 |       2 |   7.4
        D:3 |      92 |      35 |  27.6 |      27 |       6 |  18.2
        D:4 |      79 |       0 |   0.0 |       8 |       0 |   0.0
        D:5 |     847 |       0 |   0.0 |      29 |       0 |   0.0
        D:6 |     459 |     220 |  32.4 |      21 |       1 |   4.5
        D:7 |     506 |     169 |  25.0 |      17 |       1 |   5.6
        D:8 |    3345 |       0 |   0.0 |      36 |       0 |   0.0
        D:9 |    2261 |     929 |  29.1 |      27 |       1 |   3.6
       D:11 |     118 |       0 |   0.0 |       1 |       0 |   0.0
      Sewer |       0 |     117 | 100.0 |       0 |       6 | 100.0
            +---------+---------+-------+---------+---------+-------
